 Dungeon Crawl Stone Soup version 0.29-a0-271-gd4eb659eea (webtiles) character file.

Game seed: 80612068455920267

293 Ordine the Shooter (level 6, -6/36 HPs)
             Began as a Tengu Arcane Marksman on Mar 8, 2022.
             Mangled by a yak (8 damage)
             ... on level 3 of the Dungeon.
             The game lasted 00:07:51 (3801 turns).

Ordine the Shooter (Tengu Arcane Marksman)          Turns: 3801, Time: 00:07:51

Health: -6/36      AC:  3    Str: 10    XL:     6   Next: 33%
Magic:  8/8        EV: 14    Int: 13    God:
Gold:   235        SH:  0    Dex: 14    Spells: 6/7 levels left

rFire   . . .      SeeInvis .   a - +0 shortbow
rCold   . . .      Faith    .   (shield currently unavailable)
rNeg    . . .      Spirit   .   l - +0 robe
rPois   .          Reflect  .   (helmet restricted)
rElec   +          Harm     .   (no cloak)
rCorr   .          Rampage  .   f - +0 pair of gloves
Will    +++..                   (boots unavailable)
Stlth   +++.......              (no amulet)
HPRegen 0.12/turn               k - ring "Qokhlekhlunt" {rElec Will+++ Dex-3 Slay+4 Stlth+}
MPRegen 0.11/turn               (no ring)

@: flying quickly and evasively, quick
A: beak, talons 3, nimble flight
a: no special abilities


You were on level 3 of the Dungeon.
You visited 1 branch of the dungeon, and saw 4 of its levels.

You collected 235 gold pieces.

Inventory:

Hand Weapons
 a - a +0 shortbow (weapon)
 b - a +0 long sword
Armour
 f - a +0 pair of gloves (worn)
 l - a +0 robe (worn)
Jewellery
 k - the ring "Qokhlekhlunt" (left hand) {rElec Will+++ Dex-3 Slay+4 Stlth+}
   (You found it on level 3 of the Dungeon)

   [ring of slaying]

   Dex:       It affects your dexterity (-3).
   Slay:      It affects your accuracy & damage with ranged weapons and melee
   (+4).
   rElec:     It insulates you from electricity.
   Will:      It greatly increases your willpower.
   Stlth:     It makes you more stealthy.
Scrolls
 c - 3 scrolls of vulnerability
 e - 5 scrolls of identify {unknown}
 g - a scroll of enchant armour {unknown}
 h - a scroll of teleportation {unknown}
 m - a scroll of fog {unknown}
Potions
 d - 2 potions of haste {unknown}
 i - a potion of curing {unknown}
 n - 2 potions of degeneration {unknown}
 o - 2 potions of lignification {unknown}


   Skills:
 + Level 2.8 Fighting
 + Level 2.1 Long Blades
 * Level 4.9 Bows
 - Level 2.1 Dodging
 + Level 2.9 Stealth
 - Level 1.0 Spellcasting
 - Level 2.1 Hexes


You had 6 spell levels left.
You knew the following spells:

 Your Spells              Type           Power      Damage    Failure   Level
a - Slow                  Hex            24%        N/A       12%         1

Your spell library contained the following spells:

 Spells                   Type           Power      Damage    Failure   Level
 Inner Flame              Hex/Fire       3%         N/A       47%         3
 Portal Projectile        Hex/Tloc       6%         N/A       47%         3
 Cause Fear               Hex            3%         N/A       75%         4


Dungeon Overview and Level Annotations

Branches:
Dungeon (4/15)
 Temple: D:4-7

Altars:
Makhleb
Vehumet
The Shining One


Innate Abilities, Weirdness & Mutations

You have a beak for a mouth.
You have claws for feet.
Your magical nature lets you fly swiftly and evasively.


Message History

The arrow hits the yak.
The yak is moderately wounded.
You hear a bellow!
A yak comes into view.
You shoot an arrow. The arrow barely misses the yak.
You shoot an arrow. The arrow hits the yak.
The yak is moderately wounded.
Okay, then.
There is an open door here.
You shoot an arrow.
The arrow hits the yak but does no damage.
The yak is moderately wounded.
There is a stone staircase leading up here.
You shoot an arrow. The arrow hits the yak!
The yak is moderately wounded.
The yak gores you!
You fly upwards.
There is a stone staircase leading down here.
b - a +0 long sword (weapon)
You hit the yak. Your kick misses the yak.
The yak is heavily wounded.
The yak gores you. The yak gores you!
* * * LOW HITPOINT WARNING * * *
a - a +0 shortbow (weapon)
You are too injured to fight recklessly!
Shoot: a) +0 shortbow
Press: ? - help, Q - select action, (/) - cycle Shift-Dir - straight line, f - yak
Aim: a yak (heavily wounded, 76% to hit)
You shoot an arrow. The arrow hits the yak!
The yak is severely wounded.
Shoot: a) +0 shortbow
Press: ? - help, Q - select action, (/) - cycle Shift-Dir - straight line, f/p - yak
Aim: a yak (severely wounded, 76% to hit)
You shoot an arrow. The arrow hits the yak.
The yak is almost dead.
The yak attacks as you move away! The yak gores you!
* * * LOW HITPOINT WARNING * * *
The yak attacks as you move away! The yak misses you.
The yak attacks as you move away! The yak gores you!
You die...

#.###.####.#..........# #.#
#.##..................###.#####
#.##..####.#).................##
#.....# #.#....................
###...####.#.......#...##..##.##
#......)...........#.##..##.##
#.#.####..####.#..............
#.#.# #.[####.#...####.......
#.#.# #.[...@Y....# ##.#####
#.#.# ##.###......# #.# #.#.#
#.# ##.#...#####.# #.#>#####.#
###.........# #.#.#.....##
#...####### #.#.#.####.#####...#
####### #.#.#.###.#........#
#...... #.#.#.##.###.......#
#.##### #.........#.####..## #.#


You could see a yak.

Vanquished Creatures
  2 scorpions (D:4)
  An orc priest (D:3)
  A hound (D:4)
  An orc wizard (D:3)
  3 adders
  An ufetubus (D:3)
  A worm (D:2)
  7 orcs (D:3)
  3 ball pythons
  4 bats
  7 endoplasms
  2 giant cockroaches
  6 goblins
  4 hobgoblins
  3 jackals (D:1)
  A kobold (D:1)
  A quokka (D:2)
  A frilled lizard (D:1)
  8 rats
57 creatures vanquished.

Notes
Turn   | Place    | Note
-------+----------+-------------------------------------------
     0 | D:1      | Ordine the Tengu Arcane Marksman began the quest for the
                  | Orb.
     0 | D:1      | Reached XP level 1. HP: 12/12 MP: 3/3
   319 | D:1      | Reached XP level 2. HP: 16/16 MP: 4/4
   558 | D:1      | Reached skill level 1 in Stealth
   659 | D:1      | Found a faded altar of an unknown god.
  1343 | D:2      | Reached skill level 3 in Bows
  1428 | D:2      | Reached XP level 3. HP: 20/20 MP: 5/5
  2098 | D:3      | Identified the ring "Qokhlekhlunt" {rElec Will+++ Dex-3
                  | Slay+4 Stlth+}
  2234 | D:3      | Reached XP level 4. HP: 20/26 MP: 6/6
  2400 | D:3      | HP: 1/26 [orc wizard/+0 dagger (1)]
  2416 | D:3      | Reached skill level 1 in Long Blades
  2416 | D:3      | Reached skill level 4 in Bows
  2416 | D:3      | Gained mutation: Your magical nature lets you fly swiftly
                  | and evasively. [Tengu growth]
  2416 | D:3      | Reached XP level 5. HP: 9/31 MP: 7/7
  3195 | D:4      | Reached XP level 6. HP: 30/36 MP: 8/8
  3465 | D:4      | Found a burning altar of Makhleb.
  3465 | D:4      | Found a radiant altar of Vehumet.
  3466 | D:4      | Found a glowing golden altar of the Shining One.
  3510 | D:4      | Noticed a yak
  3514 | D:4      | Noticed a yak
  3515 | D:4      | Noticed a yak
  3735 | D:4      | Noticed a yak
  3797 | D:3      | HP: 1/36 [yak (8)]
  3801 | D:3      | Mangled by a yak

Illustrated notes

Levels and vault maps discovered:
D:1:      lemuel_arrival_lava_pool, layout_basic,
          chequers_ecumenical_altar_simple
D:2:      layout_loops_cross
D:3:      layout_loops_ring
D:4:      layout_basic, nicolae_overflow_quartered_altars

Skill      XL: |  1  2  3  4  5  6 |
---------------+-------------------+-----
Stealth        | 1 2 |  2.9
Bows           | 3 4 |  4.9
Fighting       | 2 |  2.8
Long Blades    | 1 2 |  2.1
Dodging        | |  2.1
Spellcasting   | |  1.0
Hexes          | |  2.1

Action                   |  1- 3 |  4- 6 || total
-------------------------+-------+-------++-------
Melee: Falchion          |     2 |    18 ||    20
       Peck              |     1 |     6 ||     7
       Kick              |       |     4 ||     4
       Long sword        |       |     4 ||     4
 Fire: Shortbow          |   104 |    42 ||   146
  Use: Potion            |       |     3 ||     3
 Stab: Sleeping          |       |     1 ||     1
Armor: Robe              |    16 |     8 ||    24
Dodge: Dodged            |    39 |    12 ||    51

Table legend: (Time is in decaauts)
 A = Elapsed time spent in this place.
 B = Non-inter-level travel time spent in this place.
 C = Inter-level travel time spent in this place.
 D = Time resting spent in this place.
 E = Time spent auto-exploring this place.
 F = Levels seen in this place.
 G = Mean time per level.
                   A        B        C        D        E       F      G
               +--------+--------+--------+--------+--------+-----+--------+
         Total |   3773 |   3579 |    194 |    398 |   2733 |   4 |  943.2 |
       Dungeon |   3773 |   3579 |    194 |    398 |   2733 |   4 |  943.2 |
               +--------+--------+--------+--------+--------+-----+--------+

Top non-repeatable levels by time:
     D:1: 1398 daAuts
     D:3: 1078 daAuts
     D:2: 780 daAuts
     D:4: 516 daAuts
